 Dungeon Crawl Stone Soup version 0.22-a0-136-g83a10e5 (webtiles) character file.

3292 sankara the Basher (level 10, -1/64 HPs)
             Began as a Gargoyle Monk on Feb 3, 2018.
             Was an Elder of Okawaru.
             Slain by a hog (5 damage)
             ... on level 6 of the Dungeon.
             The game lasted 00:31:56 (8345 turns).

sankara the Basher (Gargoyle Monk)                  Turns: 8345, Time: 00:31:57

Health: -1/64      AC: 30    Str: 17    XL:     10   Next: 1%
Magic:  27/28      EV:  9    Int:  8    God:    Okawaru [****..]
Gold:   354        SH:  0    Dex: 15    Spells: 9/9 levels left

rFire    + . .     SeeInvis .   a - +0 flail (venom)
rCold    + . .     Gourm    .   (no shield)
rNeg     + . .     Faith    .   K - +1 plate armour of the Kettle-Drum {Str+3 Int-4 Stlth+}
rPois    ∞         Spirit   .   g - +2 helmet
rElec    +         Reflect  .   s - scarf {rC+ rF+}
rCorr    .         Harm     .   B - +0 pair of gloves
MR       .....                  r - +0 pair of boots
Stlth    ..........             n - amulet of rage
HPRegen  0.20/turn              k - ring of magical power
MPRegen  0.21/turn              p - ring of magical power

@: heroism
A: negative energy resistance 1, electricity resistance, unbreathing,
petrification resistance, rot immunity, AC +7
a: Heroism, Renounce Religion, Evoke Berserk Rage


You were on level 6 of the Dungeon.
You worshipped Okawaru.
Okawaru was greatly pleased with you.
You were not hungry.

You visited 1 branch of the dungeon, and saw 7 of its levels.
You also visited: Sewer and Ossuary.

You collected 354 gold pieces.

Inventory:

Hand Weapons
 a - a +0 flail of venom (weapon)
 b - a +1 hunting sling
 w - a +0 flail
 z - a +0 mace
 C - a +0 blowgun
 D - a +0 great mace
 L - a +0 morningstar
Missiles
 d - 69 poisoned needles
 o - 37 sling bullets
 t - 78 stones (quivered)
 F - 11 tomahawks
 H - 3 steel javelins
 J - 8 needles of frenzy
Armour
 g - a +2 helmet (worn)
 r - a +0 pair of boots (worn)
 s - a scarf of resistance (worn)
 B - a +0 pair of gloves (worn)
 K - the +1 plate armour of the Kettle-Drum (worn) {Str+3 Int-4 Stlth+}
   (You found it on level 6 of the Dungeon)

   It affects your strength (+3).
   It affects your intelligence (-4).
   It makes you more stealthy.
Jewellery
 k - a ring of magical power (left hand)
 n - an amulet of rage (around neck)
 p - a ring of magical power (right hand)
Wands
 l - a wand of flame (5)
Scrolls
 f - 7 scrolls of remove curse
 j - a scroll of enchant weapon
 m - 5 scrolls of teleportation
 v - 5 scrolls of identify
 y - 2 scrolls of blinking
 G - a scroll of amnesia
Potions
 e - a potion of curing
 i - a potion of haste
 q - a potion of might
 u - 3 potions of brilliance
 A - 4 potions of flight
 E - a potion of lignification
Books
 x - a book of Air

   Spells                             Type                      Level
   a - Shock                          Conjuration/Air              1
   b - Swiftness                      Charms/Air                   2
   c - Static Discharge               Conjuration/Air              3
   d - Airstrike                      Air                          4
   e - Lightning Bolt                 Conjuration/Air              5
 I - a book of Callings

   Spells                             Type                      Level
   a - Summon Small Mammal            Summoning                    1
   b - Call Imp                       Summoning                    2
   c - Call Canine Familiar           Summoning                    3
   d - Summon Guardian Golem          Hexes/Summoning              3
   e - Summon Lightning Spire         Summoning/Air                4
   f - Summon Ice Beast               Ice/Summoning                4
Comestibles
 c - 8 rations
 h - 4 chunks of flesh


   Skills:
 + Level 7.9(12.9) Fighting
 + Level 10.0(15.0) Maces & Flails
 - Level 3.0(8.0) Throwing
 + Level 7.0(12.0) Armour
 - Level 2.4(7.4) Dodging
 - Level 2.1(7.1) Stealth


You had 9 spell levels left.
You didn't know any spells.

Dungeon Overview and Level Annotations

Branches:
Dungeon (7/15)
 Temple: D:4-7

Altars:
Fedhas
Nemelex Xobeh
Okawaru
Sif Muna
Trog
Vehumet
Zin
The Shining One

Annotations:
D:7 stickyfingers's ghost, novice OpCK


Innate Abilities, Weirdness & Mutations

You are resistant to torment.
Your stone body is resilient. (AC +7)
You are immune to poison.
You resist negative energy. (rN+)
You are resistant to electric shocks. (rElec)
You can survive without breathing.
You are immune to petrification.
You are immune to rotting.


Message History

The hog bites you but does no damage.
You hit the hog.
The hog is lightly wounded.
The hog bites you but does no damage.
Your plate armour of the Kettle-Drum prevents you from hitting the hog.
The hog is lightly wounded.
The hog barely misses you.
You thump the hog!
The hog looks as sick as possible!
The hog is severely wounded.
You hit the hog.
The hog looks as sick as possible!
The hog is severely wounded.
The hog completely misses you.
Your plate armour of the Kettle-Drum prevents you from hitting the hog.
The hog is severely wounded.
The hog bites you.
* * * LOW HITPOINT WARNING * * *
You closely miss the hog.
The hog is severely wounded.
The hog bites you.
You die...

...######........# #.#.# #.# ##.#
########.# #.#.####.# #.# #.#
#.#...##.# ##'## #######.#
#.###.##.# #...## #.....#.# #.#
#.##.# .....## #.###.#.#
#.###(##.## ......## #.#.#.#.#
#......)..#
......)###.....#.######.#...###..
......)'.......h@................
.......###.....########...####!#.
......## #.....# #.######.##
.....## ##.#### #.#.)..#.##
#...## #.# #...#..#.# ##'## #.#
#.######.# #.# #.# #.# #.# #.#
#.# #.# #.# ##.## #.# #.# #.#


You could see a hog.

Vanquished Creatures
  Joseph (D:7)
  Sigmund (D:6)
  A human (D:7)
  A hog (D:7)
  Edmund (D:5)
  Duvessa (D:5)
  An orc warrior (D:6)
  A black bear (D:6)
  An ice beast (D:7)
  A phantom (D:6)
  A sky beast (D:5)
  A necrophage (D:6)
  4 centaurs
  4 ogres
  Dowan (D:5)
  A scorpion (D:7)
  5 killer bees (D:7)
  A howler monkey (D:3)
  2 crimson imps
  4 orc wizards
  3 hounds
  A jelly (D:7)
  3 orc priests
  2 human zombies (Ossuary)
  2 worker ants
  A hound skeleton (D:5)
  3 mummies (Ossuary)
  Robin (D:4)
  A gnoll (D:5)
  3 adders
  6 oozes
  5 adder zombies
  7 worms
  8 leopard geckos
  12 orcs
  A ball python (D:4)
  12 bats
  9 giant cockroaches
  16 goblins
  6 hobgoblins
  12 jackals
  2 quokkas
  A ball python skeleton (D:4)
  9 frilled lizards
  A goblin zombie (Ossuary)
  3 hobgoblin zombies (Ossuary)
  A jackal skeleton (D:5)
  3 kobolds
  3 kobold zombies (Ossuary)
  A quokka skeleton (D:6)
  4 quokka zombies (Ossuary)
  6 rats
  A rat zombie (Ossuary)
183 creatures vanquished.

Notes
Turn   | Place    | Note
-------+----------+-------------------------------------------
     0 | D:1      | sankara the Gargoyle Monk began the quest for the Orb.
     0 | D:1      | Reached XP level 1. HP: 14/14 MP: 1/1
   300 | D:1      | Reached XP level 2. HP: 19/19 MP: 2/2
   728 | D:1      | Reached skill level 4 in Maces & Flails
  1037 | D:2      | Reached XP level 3. HP: 23/23 MP: 3/3
  1265 | D:2      | Reached XP level 4. HP: 25/28 MP: 4/4
  1672 | D:2      | Found a deep blue altar of Sif Muna.
  1895 | D:3      | Found a sparkling altar of Nemelex Xobeh.
  2174 | D:3      | Reached skill level 5 in Maces & Flails
  2776 | D:4      | Noticed Robin
  2781 | D:4      | Reached XP level 5. HP: 32/32 MP: 5/5
  2931 | D:3      | Reached skill level 6 in Maces & Flails
  3001 | D:4      | Killed Robin
  3114 | D:4      | Reached XP level 6. HP: 18/37 MP: 6/6
  3224 | D:4      | Found a sand-covered staircase.
  3231 | Ossuary  | Entered an ossuary
  3268 | Ossuary  | Reached skill level 7 in Maces & Flails
  4130 | D:5      | Entered Level 5 of the Dungeon
  4130 | D:5      | Found a radiant altar of Vehumet.
  4130 | D:5      | Found a blossoming altar of Fedhas.
  4145 | D:5      | Reached XP level 7. HP: 41/41 MP: 7/7
  4280 | D:5      | Found a glowing silver altar of Zin.
  4380 | D:5      | Reached skill level 1 in Armour
  4470 | D:5      | Found an iron altar of Okawaru.
  4470 | D:5      | Noticed Dowan
  4470 | D:5      | Noticed Duvessa
  4492 | D:5      | Killed Duvessa
  4501 | D:5      | Killed Dowan
  4501 | D:5      | Reached skill level 8 in Maces & Flails
  4516 | D:5      | Found a bloodstained altar of Trog.
  4792 | D:5      | HP: 1/44 [ogre/giant club (15)]
  4794 | D:5      | Reached XP level 8. HP: 1/48 MP: 8/8
  5482 | D:5      | Noticed Edmund
  5519 | D:5      | Killed Edmund
  5519 | D:5      | Reached skill level 5 in Fighting
  5665 | D:5      | Found a glowing golden altar of the Shining One.
  6073 | D:5      | Became a worshipper of Warmaster Okawaru
  6073 | D:5      | Reached * piety under Okawaru
  6073 | D:5      | Reached ** piety under Okawaru
  6219 | D:6      | Found a glowing drain.
  6249 | Sewer    | Entered a sewer
  7033 | D:6      | Reached skill level 9 in Maces & Flails
  7062 | D:6      | Got a jewelled plate armour
  7063 | D:6      | Identified the +1 plate armour of the Kettle-Drum {Str+3 Int-4 Stlth+} (You found it on level 6 of the Dungeon)
  7154 | D:6      | Reached skill level 5 in Armour
  7264 | D:6      | Reached XP level 9. HP: 52/56 MP: 9/9
  7335 | D:6      | Reached skill level 1 in Throwing
  7688 | D:6      | Noticed Sigmund
  7696 | D:6      | Killed Sigmund
  8172 | D:7      | Reached *** piety under Okawaru
  8187 | D:7      | Noticed Joseph
  8215 | D:7      | Killed Joseph
  8298 | D:7      | Reached **** piety under Okawaru
  8318 | D:7      | Received a gift from Okawaru
  8318 | D:7      | Reached skill level 10 in Maces & Flails
  8318 | D:7      | Reached XP level 10. HP: 6/64 MP: 10/10
  8319 | D:7      | Noticed stickyfingers's ghost (novice OpCK)
  8344 | D:6      | HP: 3/64 [hog (6)]
  8345 | D:6      | Slain by a hog

Vault maps used:
D:1:      mrwooster_arrival_statue_3, minmay_tetromino_t2
D:2:      lemuel_crystal_altar
D:3:      nemelex_xobeh_ov_fountains_minmay
D:4:      nicolae_ossuary_entry_ruins, uniq_robin
D:5:      grunt_temple_overflow_bloody_war, zin_academy,
          overflow_temple_1_default, chequers_temple_overflow_statue_of_worship,
          first_ration, minmay_misc_feat_alley, uniq_edmund, uniq_duvessa
D:6:      gup_sewer_entry_pipe, corexii_checkpoint_a, grunt_decor_resistance,
          uniq_sigmund
D:7:      temple_green, serial_shops, nicolae_shop_trees, grunt_livestock,
          uniq_crazy_yiuf_cottage, uniq_joseph
Sewer:    sewer_fruit_machine
Ossuary:  ossuary_minmay_chase

Skill      XL: |  1  2  3  4  5  6  7  8  9 10 |
---------------+-------------------------------+-----
Maces & Flails | 4 5 6 7 8 9 10 | 10.0
Armour         | 3 5 6 7 |  7.0
Fighting       | 4 6 7 |  7.9
Throwing       | 3 |  3.0
Dodging        | |  2.4
Stealth        | |  2.1

Action                   |  1- 3 |  4- 6 |  7- 9 | 10-12 || total
-------------------------+-------+-------+-------+-------++-------
Melee: Mace              |    65 |   263 |    84 |       ||   412
       Whip              |    25 |       |       |       ||    25
       Flail             |       |       |   271 |     7 ||   278
       Punch             |       |       |     1 |       ||     1
 Fire: Hunting sling     |       |    50 |    54 |       ||   104
Invok: Heroism           |       |       |     4 |     1 ||     5
 Abil: Evoke Berserk Rag |       |     2 |     3 |       ||     5
  Use: Scroll            |     3 |     2 |     4 |       ||     9
       Potion            |       |     4 |    10 |       ||    14
 Stab: Sleeping          |     5 |     3 |       |       ||     8
       Invisible         |       |       |     3 |       ||     3
  Eat: Chunk             |     1 |     9 |    13 |       ||    23
       Ration            |       |     1 |     1 |       ||     2
Armor: Robe              |    25 |       |       |       ||    25
       Ring mail         |    15 |   135 |    60 |       ||   210
       Skin              |       |     5 |       |       ||     5
       Chain mail        |       |       |    96 |       ||    96
       Plate armour      |       |       |   147 |     7 ||   154
Dodge: Dodged            |    51 |   184 |   132 |     2 ||   369

Table legend:
 A = Spawn XP
 B = Non-spawn XP
 C = Spawn XP percentage of total XP
 D = Spawn monster count
 E = Non-spawn monster count
 F = Spawn count percentage of total count
 G = Total turns spent on level
                    A         B        C        D         E        F      G
               +---------+---------+-------+---------+---------+-------+---------
         Total |       0 |    4704 |   0.0 |       0 |     183 |   0.0 |  8345
               +---------+---------+-------+---------+---------+-------+---------
           D:1 |       0 |      32 |   0.0 |       0 |      18 |   0.0 |  1032
           D:2 |       0 |      61 |   0.0 |       0 |       7 |   0.0 |   845
           D:3 |       0 |     125 |   0.0 |       0 |      32 |   0.0 |  1090
           D:4 |       0 |     218 |   0.0 |       0 |      18 |   0.0 |   572
           D:5 |       0 |     969 |   0.0 |       0 |      15 |   0.0 |  1958
           D:6 |       0 |    1382 |   0.0 |       0 |      27 |   0.0 |  1370
           D:7 |       0 |    1660 |   0.0 |       0 |      18 |   0.0 |   177
         Sewer |       0 |      93 |   0.0 |       0 |      27 |   0.0 |   710
       Ossuary |       0 |     164 |   0.0 |       0 |      21 |   0.0 |   591
               +---------+---------+-------+---------+---------+-------+---------
